 Dungeon Crawl Stone Soup version 0.22.1-6-g1668fe2 (webtiles) character file.

186 Fang the Chopper (level 5, -2/34 HPs)
             Began as a Gargoyle Berserker on Jan 24, 2019.
             Was a Priest of Trog.
             Killed by nerve-wracking pain
             ... invoked by Jessica
              (5 damage)
             ... on level 3 of the Dungeon.
             The game lasted 00:01:47 (1644 turns).

Fang the Chopper (Gargoyle Berserker)               Turns: 1644, Time: 00:01:48

Health: -2/34      AC:  6    Str: 22    XL:     5   Next: 66%
Magic:  0/5        EV: 12    Int:  7    God:    Trog [***...]
Gold:   116        SH:  0    Dex:  9    Spells: 4/4 levels left

rFire    x . .     SeeInvis .   a - +0 hand axe
rCold    + . .     Gourm    .   (no shield)
rNeg     + . .     Faith    .   b - +0 animal skin
rPois    ∞         Spirit   +   (no helmet)
rElec    +         Reflect  .   (no cloak)
rCorr    .         Harm     .   (no gloves)
MR       .....                  (no boots)
Stlth    +.........             h - amulet of guardian spirit
HPRegen  0.11/turn              g - ring of ice
MPRegen  0.09/turn              (no ring)

@: berserk cooldown, slowed, very slow
A: negative energy resistance 1, electricity resistance, unbreathing,
petrification resistance, rot immunity, AC +4
a: Berserk, Trog's Hand, Renounce Religion


You were on level 3 of the Dungeon.
You worshipped Trog.
Trog was most pleased with you.
You were very hungry.

You visited 1 branch of the dungeon, and saw 3 of its levels.

You collected 116 gold pieces.

Inventory:

Hand Weapons
 a - a +0 hand axe (weapon)
 e - a +1 vampiric hand axe
Armour
 b - a +0 animal skin (worn)
Jewellery
 g - a ring of ice (left hand)
 h - an amulet of guardian spirit (around neck)
Scrolls
 f - a scroll of noise {unknown}
 j - 2 scrolls of identify {unknown}
 l - a scroll of amnesia {unknown}
 m - a scroll of remove curse {unknown}
 n - 2 scrolls of teleportation {unknown}
Potions
 d - a potion of cancellation {unknown}
 i - a potion of mutation {unknown}
Comestibles
 c - 4 rations


   Skills:
 + Level 4.6 Fighting
 + Level 4.8 Axes
 - Level 2.2 Armour
 - Level 1.5 Dodging
 + Level 0.5 Stealth


You had 4 spell levels left.
You didn't know any spells.
Your spell library was empty.

Dungeon Overview and Level Annotations

Branches:
Dungeon (3/15)

Altars:
Hepliaklqana
Okawaru

Annotations:
D:3 Jessica


Innate Abilities, Weirdness & Mutations

You are resistant to torment.
Your stone body is resilient. (AC +4)
You are immune to poison.
You resist negative energy. (rN+)
You are resistant to electric shocks. (rElec)
You can survive without breathing.
You are immune to petrification.
You are immune to rotting.


Message History

An orc comes into view. It is wielding a short sword.
Jessica mumbles some strange words.
Jessica seems to speed up.
The orc priest hits you with a hand axe.
* * * LOW HITPOINT WARNING * * *
Items here: ! )) [[ † You hit the orc priest.
The orc priest is lightly wounded.
You barely miss Jessica.
Jessica mumbles some strange words.
Jessica blinks!
The orc priest hits you with a hand axe.
* * * LOW HITPOINT WARNING * * *
You hit the orc priest.
The orc priest is moderately wounded.
The orc priest hits you with a hand axe.
* * * LOW HITPOINT WARNING * * *
Jessica points at you and mumbles some strange words.
Pain shoots through your body!
You die...

.### #.####### ##..###.#.......
..>###.# #..####.#.......
##.#...#### #...<[..#.......
#........########..#############
#...####††##.....@## #.###
##....####.# #.# ###### #).#
##.# ##.## #..# #@)# ...# #o##
.#.# #.# ##... ..........# #####
..........# .......o..#
..........# ..........#
..######...


You could see an orc priest, Jessica and an orc.

Vanquished Creatures
  A scorpion (D:2)
  Robin (D:3)
  4 gnolls (D:3)
  An adder (D:3)
  A worm (D:3)
  2 leopard geckos (D:2)
  An orc (D:3)
  4 bats
  3 giant cockroaches
  21 goblins
  8 hobgoblins
  8 jackals
  2 frilled lizards (D:1)
  3 kobolds
  3 rats (D:1)
63 creatures vanquished.

Notes
Turn   | Place    | Note
-------+----------+-------------------------------------------
     0 | D:1      | Fang the Gargoyle Berserker began the quest for the Orb.
     0 | D:1      | Reached XP level 1. HP: 14/14 MP: 1/1
   292 | D:1      | Reached XP level 2. HP: 15/19 MP: 2/2
   614 | D:1      | Reached XP level 3. HP: 15/24 MP: 1/3
   664 | D:1      | Reached ** piety under Trog
   822 | D:2      | Noticed a scorpion
   833 | D:2      | Killed a scorpion
   833 | D:2      | Reached XP level 4. HP: 22/29 MP: 4/4
  1209 | D:2      | Found an iron altar of Okawaru.
  1371 | D:3      | Reached XP level 5. HP: 21/34 MP: 3/5
  1611 | D:3      | Noticed Robin
  1622 | D:3      | Reached *** piety under Trog
  1629 | D:3      | Noticed Jessica
  1631 | D:3      | Killed Robin
  1634 | D:3      | Found a hazy altar of Hepliaklqana.
  1644 | D:3      | Killed from afar by Jessica

Skill      XL: |  1  2  3 |
---------------+----------+-----
Axes           | 3 4 |  4.8
Fighting       | 4 |  4.6
Armour         | |  2.2
Dodging        | |  1.5
Stealth        | |  0.5

Action                   |  1- 3 |  4- 6 || total
-------------------------+-------+-------++-------
Melee: Hand axe          |    77 |    93 ||   170
Invok: Berserk           |       |     2 ||     2
  Eat: Chunk             |       |     3 ||     3
Armor: Animal skin       |    31 |    37 ||    68
Dodge: Dodged            |    58 |    54 ||   112
